 Dungeon Crawl Stone Soup version 0.17-a0-1793-gcbb3aa1 (webtiles) character file.

918 ololoev the Ducker (level 7, 54/55 HPs)
             Began as a Mottled Draconian Skald on Sept 9, 2015.
             Quit the game on level 4 of the Dungeon.
             The game lasted 00:10:31 (2758 turns).

ololoev the Ducker (Mottled Draconian Skald)        Turns: 2758, Time: 00:10:31

Health: 54/55      AC:  7    Str: 19    XL:     7   Next: 83%
Magic:  10/13      EV: 17    Int: 14    God:
Gold:   44         SH:  0    Dex: 14    Spells: 2 memorised, 12 levels left

rFire  . . .     SeeInvis .     m - +1 whip (elec)
rCold  . . .     Clarity  .     (armour unavailable)
rNeg   . . .     SustAt   .     (no shield)
rPois  +         Gourm    .     (helmet restricted)
rElec  .         Spirit   .     f - +0 cloak {rPois}
rCorr  .         Warding  .     (no gloves)
rMut   .         Stasis   .     (no boots)
MR     .....                    y - amulet of regeneration
Stlth  +.........               h - +3 ring of dexterity
                                p - +2 ring of evasion

@: mighty, singing, very slightly contaminated, invisible (expiring), not
resistant to hostile enchantments, very unstealthy
A: breathe sticky flame splash, unfitting armour, cold-blooded, AC +6
a: Breathe Sticky Flame, Stop Singing


Innate Abilities, Weirdness & Mutations

You can spit globs of burning liquid.
You can ignite nearby creatures when you spit burning liquid.
Your weird mottled scales are hard (AC +6).
Your body does not fit into most forms of armour.
You are cold-blooded and may be slowed by cold attacks.

Inventory:

Hand weapons
 a - a +3 whip
 m - a +1 whip of electrocution (weapon)
Armour
 f - a +0 cloak of poison resistance (worn)
Jewellery
 h - a +3 ring of dexterity (right hand)
 l - an uncursed ring of invisibility
 p - a +2 ring of evasion (left hand)
 w - an uncursed ring of see invisible
 y - an amulet of regeneration (around neck)
Scrolls
 d - 2 scrolls of immolation {unknown}
 j - a scroll of remove curse {unknown}
 k - a scroll of teleportation {unknown}
 n - a scroll of recharging {unknown}
 q - 2 scrolls of identify {unknown}
 x - a scroll of amnesia {unknown}
Potions
 e - 3 potions of heal wounds
 i - a potion of brilliance {unknown}
 t - a potion of magic {unknown}
Books
 b - a book of Battle

   Spells                             Type                      Level
   a - Infusion                       Charms                       1
   b - Shroud of Golubria             Charms/Translocation         2
   c - Song of Slaying                Charms                       2
   d - Spectral Weapon                Hexes/Charms                 3
   e - Regeneration                   Charms/Necromancy            3
Comestibles
 c - 4 bread rations
 g - 2 slices of pizza
 s - a beef jerky
 u - 10 chunks of flesh
 v - 3 fruits


   Skills:
 - Level 2.1 Fighting
 + Level 5.1 Maces & Flails
 * Level 5.6 Dodging
 + Level 4.5 Spellcasting
 - Level 2.6 Charms


You had 12 spell levels left.
You knew the following spells:

 Your Spells              Type           Power        Failure   Level  Hunger
a - Infusion              Chrm           ##....       10%         1    None
b - Song of Slaying       Chrm           ##......     12%         2    ##.....


You were on level 4 of the Dungeon.
You were not hungry.

You visited 1 branch of the dungeon, and saw 4 of its levels.

You collected 44 gold pieces.

#...........+
#..###...#.##
#..#.....#.#
#..#.###.#.#
#..........#
#...?....###
####p#####
#.# #@# #p#
#.# ... ...
#...# #####

Notes
Turn   | Place    | Note
--------------------------------------------------------------
     0 | D:1      | ololoev the Draconian Skald began the quest for the Orb.
     0 | D:1      | Reached XP level 1. HP: 17/17 MP: 3/3
   116 | D:1      | Reached XP level 2. HP: 22/24 MP: 5/5
   120 | D:1      | Learned a level 2 spell: Song of Slaying
   792 | D:2      | Reached skill level 3 in Maces & Flails
   792 | D:2      | Reached XP level 3. HP: 29/29 MP: 7/7
  1222 | D:2      | Reached XP level 4. HP: 24/36 MP: 1/8
  2066 | D:3      | Noticed nago's ghost (average NaAE)
  2093 | D:3      | Killed nago's ghost
  2093 | D:3      | Reached XP level 5. HP: 36/41 MP: 0/10
  2216 | D:3      | Noticed Ijyb
  2234 | D:3      | Killed Ijyb
  2234 | D:3      | Reached skill level 4 in Maces & Flails
  2234 | D:3      | Reached XP level 6. HP: 44/48 MP: 2/11
  2732 | D:4      | Noticed Pikel
  2754 | D:4      | Killed Pikel
  2754 | D:4      | Reached skill level 5 in Maces & Flails
  2754 | D:4      | Reached skill level 5 in Dodging
  2754 | D:4      | Your scales start taking on a weird mottled colour.
  2754 | D:4      | Reached XP level 7. HP: 52/55 MP: 9/13
  2758 | D:4      | Quit the game

Dungeon Overview and Level Annotations

Branches:
Dungeon (4/15)
 Temple: D:4-7

Altars:


Message History

The slave is almost dead.
The slave misses you.
You whack the slave!
You kill the slave!
That felt strangely unrewarding.
You miss Pikel. Pikel misses you.
You strike the helpless Pikel from behind!
You whack Pikel!
Pikel is moderately wounded.
Pikel completely misses you.
You catch the helpless Pikel completely off-guard!
You hit Pikel.
Pikel is heavily wounded.
Pikel completely misses you.
You hit Pikel.
Pikel is heavily wounded.
You whack Pikel!
Pikel is severely wounded.
You flicker for a moment.
Pikel completely misses you.
You whack Pikel!
Pikel is almost dead.
Pikel hits you with a whip of electrocution.
You strike the helpless Pikel from behind!
You whack Pikel!
You kill Pikel!
Your Maces & Flails skill increases to level 5!
Your Dodging skill increases to level 5!
Your Spellcasting skill increases to level 4!
You have reached level 7!
Your scales start taking on a weird mottled colour.
With Pikel's spell broken, the former slaves thank you for their freedom.
You swap places.
Some of the chunks of flesh in your inventory have rotted away.
Items here: ) [[[ ††
m - a whip of electrocution Wield which item (- for none, * to show all)? (? for menu, Esc to quit)
You hear the crackle of electricity.
m - a +1 whip of electrocution (weapon)
Are you sure you want to abandon this character and quit the game? (Confirm with "yes".)

You could see 2 neutral freed slaves.

Vanquished Creatures
  Pikel (D:4)
  The ghost of nago the Gusty, an average NaAE of Ashenzari (D:3)
  2 slaves (D:4)
  An ogre (D:4)
  An orc priest (D:3)
  Ijyb (D:3)
  3 gnolls (D:3)
  9 adders
  An ooze (D:1)
  An adder skeleton (D:3)
  2 worms
  3 giant geckos
  4 orcs (D:3)
  A ball python (D:3)
  6 giant cockroaches
  8 hobgoblins
  5 jackals
  11 kobolds
  2 quokkas (D:2)
  A ball python skeleton (D:3)
  8 bats
  6 giant newts
  9 goblins
  A jackal skeleton (D:3)
  8 rats
96 creatures vanquished.

Vanquished Creatures (others)
  An adder (D:3)
  A goblin (D:3)
  A jackal (D:3)
3 creatures vanquished.

Grand Total: 99 creatures vanquished

Action                   |  1- 3 |  4- 6 |  7- 9 || total
-------------------------+-------+-------+-------++-------
Melee: Mace              |    98 |    71 |       ||   169
       Whip              |       |   163 |       ||   163
 Cast: Infusion          |     3 |    11 |       ||    14
       Song of Slaying   |     2 |     6 |       ||     8
Evoke: Wand              |       |     4 |       ||     4
  Use: Potion            |       |     6 |       ||     6
 Stab: Sleeping          |     1 |     1 |       ||     2
       Invisible         |       |     5 |       ||     5
  Eat: Chunk             |     1 |     6 |       ||     7

Vault maps used:
D:1:      lightli_arrival_statuegarden, minmay_cut_off
D:2:      serial_bayou_lagoon_a
D:3:      serial_undead, serial_undead_d, serial_undead_f, serial_undead_a,
          serial_undead_b, minmay_misc_feat_columns, uniq_iyjb
D:4:      first_bread, uniq_pikel
